 Dungeon Crawl Stone Soup version 0.31-a0-255-g9c3d1c461a (webtiles) character file.

Game seed: 12681696545946382091

33 qw the Shooter (level 3, -3/21 HPs)
             Began as a Gargoyle Hexslinger on July 12, 2023.
             Slain by a hobgoblin (4 damage)
             ... led by Robin
             ... on level 2 of the Dungeon.
             The game lasted 00:00:18 (579 turns).

qw the Shooter (Gargoyle Hexslinger)                 Turns: 579, Time: 00:00:19

Health: -3/21      AC:  6    Str: 11    XL:     3   Next: 29%
Magic:  4/4        EV: 11    Int: 13    God:
Gold:   6          SH:  0    Dex: 14    Spells: 3/4 levels left

rFire   . . .        Y - +1 sling
rCold   . . .        (no shield)
rNeg    + . .        g - +0 leather armour
rPois   inf          (no helmet)
rElec   +            (no cloak)
rCorr   .            (no gloves)
SInv    .            (no boots)
Will    .....        (no amulet)
Stlth   +            (no ring)
HPRegen 0.23/turn    (no ring)
MPRegen 0.09/turn

%: no passive effects
@: about to teleport
A: sickness immunity, AC +3, negative energy resistance 1, electricity
resistance, torment resistance 1, petrification resistance
a: no special abilities


You were on level 2 of the Dungeon.
You visited 1 branch of the dungeon, and saw 2 of its levels.

You collected 6 gold pieces.


Innate Abilities, Weirdness & Mutations

You are immune to sickness and miasma.
Your stone body is resilient. (AC +3)
You are immune to poison.
You resist negative energy. (rN+)
You are resistant to electric shocks. (rElec)
You are resistant to unholy torment.
You are immune to petrification.


   Skills:
 - Level 2.0 Fighting
 + Level 3.2 Ranged Weapons
 - Level 1.5 Dodging
 - Level 1.0 Spellcasting
 - Level 2.6 Hexes


You had 3 spell levels left.
You knew the following spells:

 Your Spells              Type           Power      Damage    Failure   Level
a - Slow                  Hex            28%        N/A       12%         1

Your spell library contained the following spells:

 Spells                   Type           Power      Damage    Failure   Level
 Inner Flame              Hex/Fire       4%         N/A       54%         3
 Portal Projectile        Hex/Tloc       8%         N/A       54%         3
 Cause Fear               Hex            3%         N/A       77%         4

Inventory:

Hand Weapons
 Y - a +1 sling (weapon)
Armour
 g - a +0 leather armour (worn)
Potions
 d - a potion of magic {unknown}

Dungeon Overview and Level Annotations

Branches:
Dungeon (2/15)

Altars:

Annotations:
D:2 Robin


Message History

A goblin comes into view. It is wielding a +0 club.
You shoot a sling bullet.
The sling bullet barely misses the hobgoblin.
The sling bullet closely misses the hobgoblin.
The goblin shouts!
The hobgoblin shouts!
Robin flexes a bicep menacingly.
Robin throws the goblin at you!
A goblin comes into view. It is wielding a +0 club.
The hobgoblin hits you.
You shoot a sling bullet. The goblin shouts!
The sling bullet hits the hobgoblin.
You kill the hobgoblin!
The goblin hits you with a +0 club. The hobgoblin barely misses you.
Robin roars a battlecry!
The goblins go into a battle-frenzy!
The hobgoblin hits you. The goblin completely misses you.
The goblin closely misses you.
A hobgoblin comes into view.
A goblin comes into view. It is wielding a +0 dagger.
You shoot a sling bullet. The sling bullet hits the hobgoblin!
You kill the hobgoblin!
The goblin barely misses you. The goblin hits you with a +0 club.
You shoot a sling bullet.
The sling bullet closely misses the goblin.
The goblin hits you with a +0 club.
A goblin comes into view. It is wielding a +0 dagger.
The goblin barely misses you.
Robin roars a battlecry!
The hobgoblin goes into a battle-frenzy!
578 ||| READING scroll of teleportation.
As you read the scroll of teleportation, it crumbles to dust.
You feel strangely unstable. The goblin closely misses you.
The goblin hits you with a +0 club.
You shoot a sling bullet.
The sling bullet closely misses the hobgoblin.
The goblin barely misses you.
A goblin comes into view. It is wielding a +0 club.
The goblin barely misses you. The hobgoblin hits you.
You die...

##############
#....<........
)#....>....###
>...%.......#
............#
............#
..######.##@#
. #.....ggg.#
..###..g.## ..
##..g# # ##..g
##g.? .#g .#g#


You could see Robin, 3 hobgoblins and 5 goblins.

Vanquished Creatures
  A dart slug (D:1)
  3 ball pythons
  An endoplasm (D:1)
  3 goblins
  7 hobgoblins
  4 jackals (D:1)
  A kobold (D:1)
  A quokka (D:1)
  A frilled lizard (D:1)
  4 rats (D:1)
26 creatures vanquished.

Notes
Turn   | Place    | Note
-------+----------+-------------------------------------------
     0 | D:1      | qw the Gargoyle Hexslinger began the quest for the Orb.
     0 | D:1      | Reached XP level 1. HP: 12/12 MP: 2/2
     0 | D:1      | 0 ||| qw: Version: 0.3-a-52-g30416fa
     0 | D:1      | 0 ||| qw: Game counter: 6678
     0 | D:1      | 0 ||| qw: Melee chars always use a shield: true
     0 | D:1      | 0 ||| qw: God list: Okawaru
     0 | D:1      | 0 ||| qw: Allow faded altars: false
     0 | D:1      | 0 ||| qw: Do Orc after clearing Dungeon:15 true
     0 | D:1      | 0 ||| qw: Do second Lair branch before Depths: true
     0 | D:1      | 0 ||| qw: Lair rune preference: random
     0 | D:1      | 0 ||| qw: Goals: Normal
     0 | D:1      | 0 ||| PLANNING D:1-11
   146 | D:1      | Reached XP level 2. HP: 11/16 MP: 3/3
   219 | D:1      | Reached skill level 3 in Ranged Weapons
   296 | D:1      | Reached XP level 3. HP: 21/21 MP: 4/4
   525 | D:1      | 525 ||| UPGRADING to +0 leather armour.
   535 | D:1      | 535 ||| DROPPING +0 robe.
   536 | D:1      | 536 ||| READING scroll labelled QABBAW FIFACOUV.
   537 | D:1      | 537 ||| READING 2 scrolls labelled SATZIGR UDIUF.
   542 | D:1      | 542 ||| READING scroll labelled UPTIDWEMYE.
   543 | D:1      | 543 ||| DROPPING scroll of poison.
   572 | D:2      | Noticed Robin
   577 | D:2      | HP: 4/21 [goblin/+0 club[Robin] (4)]
   578 | D:2      | 578 ||| READING scroll of teleportation.
   578 | D:2      | HP: 1/21 [goblin/+0 club[Robin] (3)]
   579 | D:2      | Slain by a hobgoblin

Levels and vault maps discovered:
D:1:      lightli_arrival_noodles, layout_basic,
          nicolae_concentric_dashed_squares_mild
D:2:      layout_rooms, uniq_robin

Skill      XL: |  1  2  3 |
---------------+----------+-----
Ranged Weapons | 3 |  3.2
Fighting       | 2 |  2.0
Dodging        | |  1.5
Spellcasting   | |  1.0
Hexes          | |  2.6

Action                     || total
---------------------------++-------
   Fire: Sling             ||    75
    Use: Scroll            ||     4
 Armour: Robe              ||     3
         Leather armour    ||     1
  Dodge: Dodged            ||    23

Table legend:
 A = Non-vault XP
 B = Vault XP
 C = Vault XP percentage of total XP
 D = Non-vault monster count
 E = Vault monster count
 F = Vault count percentage of total count
                 A         B        C        D         E       F
            +---------+---------+-------+---------+---------+-------
      Total |      40 |       8 |  16.7 |      22 |       4 |  15.4
            +---------+---------+-------+---------+---------+-------
        D:1 |      38 |       0 |   0.0 |      21 |       0 |   0.0
        D:2 |       2 |       8 |  80.0 |       1 |       4 |  80.0
            +---------+---------+-------+---------+---------+-------
